 Dungeon Crawl Stone Soup version 0.30.0-29-ga12c61a403 (webtiles) character file.

Game seed: 16183699568124711844

205 ChadusMaximus the Caller (level 5, 0/38 HPs)
             Began as a Draconian Summoner on June 22, 2023.
             Slain by a goblin
             ... wielding a +1 dagger of speed
             ... led by Robin
              (6 damage)
             ... on level 3 of the Dungeon.
             The game lasted 00:01:44 (1754 turns).

ChadusMaximus the Caller (Draconian Summoner)       Turns: 1754, Time: 00:01:44

Health: 0/38       AC:  5    Str: 10    XL:     5   Next: 52%
Magic:  10/10      EV: 12    Int: 17    God:
Gold:   72         SH:  0    Dex: 12    Spells: 9/10 levels left

rFire   . . .        e - +0 mace
rCold   . . .        (no shield)
rNeg    . . .        (body armour unavailable)
rPois   .            (helmet restricted)
rElec   .            (no cloak)
rCorr   .            (no gloves)
SInv    .            (no boots)
Will    .....        (no amulet)
Stlth   ++           (no ring)
HPRegen 0.26/turn    (no ring)
MPRegen 0.12/turn

%: no passive effects
@: no status effects
A: AC +5, unfitting armour, cold-blooded
a: no special abilities


You were on level 3 of the Dungeon.
You visited 1 branch of the dungeon, and saw 3 of its levels.

You collected 72 gold pieces.

Inventory:

Hand Weapons
 e - a +0 mace (weapon)
Jewellery
 f - an amulet of faith
 p - a ring of flight
Scrolls
 c - a scroll of enchant weapon {unknown}
 d - 2 scrolls of identify
 h - 4 scrolls of poison
 l - a scroll of vulnerability {unknown}
 n - a scroll of brand weapon {unknown}
 q - a scroll of acquirement {unknown}
Potions
 a - 2 potions of magic
 b - a potion of heal wounds {unknown}
 g - a potion of lignification {unknown}
 j - a potion of attraction {unknown}
 m - 3 potions of brilliance {unknown}
 o - a potion of haste {unknown}


   Skills:
 - Level 1.8 Dodging
 - Level 1.9 Stealth
 + Level 3.4 Spellcasting
 * Level 6.0 Summonings


You had 9 spell levels left.
You knew the following spells:

 Your Spells              Type           Power      Damage    Failure   Level
a - Summon Small Mammal   Summ           92%        N/A       1%          1

Your spell library contained the following spells:

 Spells                   Type           Power      Damage    Failure   Level
 Call Imp                 Summ           46%        N/A       2%          2
 Call Canine Familiar     Summ           23%        N/A       4%          3
 Summon Guardian Golem    Hex/Summ       13%        N/A       14%         3
 Slow                     Hex            8%         N/A       17%         1
 Summon Lightning Spire   Summ/Air       13%        N/A       43%         4
 Confusing Touch          Hex            2%         N/A       45%         3
 Ozocubu's Armour         Ice            2%         N/A       45%         3
 Vampiric Draining        Necr           2%         2d6       45%         3
 Ozocubu's Refrigeration  Ice            1%         4d7       100%        7


Dungeon Overview and Level Annotations

Branches:
Dungeon (3/15)

Altars:

Annotations:
D:3 Robin


Innate Abilities, Weirdness & Mutations

Your plain brown scales are hard. (AC +5)
You cannot fit into any form of body armour.
You are cold-blooded and may be slowed by cold attacks.


Message History

Your bat closely misses the goblin.
Your bat hits the goblin.
Your bat closely misses the goblin.
The hobgoblin hits you. The hobgoblin barely misses you.
Your bat completely misses the goblin.
A hobgoblin comes into view. It is wielding a +0 mace.
The goblin hits you with a +0 dagger.
The goblin hits your bat with a +0 dagger.
Your bat dies!
Your bat's corpse disappears in a puff of smoke!
Robin throws the goblin at you!
A frilled lizard comes into view.
A goblin comes into view. It is wielding a +1 dagger of speed.
Robin roars a battlecry!
The goblin goes into a battle-frenzy!
The goblin hits you with a +0 dagger. The hobgoblin misses you.
The goblin hits you with a +0 dagger. The hobgoblin barely misses you.
The goblin closely misses you.
The frilled lizard hisses angrily.
As you read the scroll labelled ERORYL POIG, it crumbles to dust.
It is a scroll of identify.
h - 4 scrolls of poison The hobgoblin hits you.
The goblin hits you but does no damage. The goblin completely misses you.
The goblin hits you with a +1 dagger of speed.
The hobgoblin barely misses you. The goblin hits you but does no damage.
As you read the scroll labelled IFIMUOTR CIDGHE, it crumbles to dust.
The scroll dissolves into smoke.
It was a scroll of fog.
The goblin hits you but does no damage. The hobgoblin misses you.
The goblin hits you with a +0 dagger.
* * * LOW HITPOINT WARNING * * *
The goblin hits you with a +0 dagger.
* * * LOW HITPOINT WARNING * * *
The goblin hits you but does no damage.
The hobgoblin hits you but does no damage.
As you read the scroll labelled ESKEUT BESA, it crumbles to dust.
It is a scroll of enchant armour.
You aren't carrying any armour which can be enchanted further.
The goblin hits you with a +1 dagger of speed.
* * * LOW HITPOINT WARNING * * *
The goblin hits you with a +1 dagger of speed.
You die...

.. #......#<#
#.###.#....#
#...#.#...##
###...##.###
#.....##...#
#.....§..#.#.##.
#...##..##§§....!.
### #.#.gg###..#.
#..##@gg.....
#...§gggg#.###
.....§###g# ##....
..# ##.. ##g# ...#
... ###. ### #


You could see Robin, 2 hobgoblins and 6 goblins.

Vanquished Creatures
  A scorpion (D:3)
  Natasha (D:2)
  4 adders (D:2)
  A bat (D:2)
  2 endoplasms
  4 goblins
  A hobgoblin (D:2)
  A quokka (D:1)
  3 frilled lizards (D:2)
  13 rats (D:2)
31 creatures vanquished.

Vanquished Creatures (collateral kills)
  Natasha (twice) (D:2)
  An adder (D:3)
  A goblin (D:1)
  A hobgoblin (D:1)
5 creatures vanquished.

Grand Total: 36 creatures vanquished

Notes
Turn   | Place    | Note
-------+----------+-------------------------------------------
     0 | D:1      | ChadusMaximus the Draconian Summoner began the quest for
                  | the Orb.
     0 | D:1      | Reached XP level 1. HP: 14/14 MP: 3/3
   692 | D:2      | Reached XP level 2. HP: 20/20 MP: 5/5
   872 | D:2      | Reached XP level 3. HP: 18/26 MP: 6/6
   967 | D:2      | Noticed Natasha
   975 | D:2      | Killed Natasha
   976 | D:2      | Reached skill level 5 in Summonings
  1015 | D:2      | Noticed Natasha
  1037 | D:2      | Killed Natasha
  1038 | D:2      | Reached XP level 4. HP: 14/33 MP: 8/8
  1380 | D:2      | Noticed Natasha
  1391 | D:2      | Killed Natasha
  1668 | D:3      | Reached XP level 5. HP: 30/38 MP: 5/9
  1732 | D:3      | Reached skill level 6 in Summonings
  1744 | D:3      | Noticed Robin
  1754 | D:3      | Slain by a goblin

Illustrated notes

Levels and vault maps discovered:
D:1:      dpeg_arrival_tiny_a, layout_basic
D:2:      layout_rooms, serial_corexii_hall, corexii_hall_statues_x,
          corexii_hall_statues_l, minmay_rat_gold_closets, uniq_natasha
D:3:      layout_loops_ring, chequers_ecumenical_altar_twisty,
          minmay_misc_feat_columns, minmay_diced_spiral,
          uniq_crazy_yiuf_cottage, uniq_robin

Skill      XL: |  1  2  3  4  5 |
---------------+----------------+-----
Summonings     | 5 6 |  6.0
Spellcasting   | 3 |  3.4
Dodging        | |  1.8
Stealth        | |  1.9

Action                     |  1- 3 |  4- 6 || total
---------------------------+-------+-------++-------
  Melee: Mace              |    62 |    56 ||   118
         Unarmed           |     8 |       ||     8
         Tailslap          |    13 |       ||    13
   Cast: Summon Small Mamm |     6 |    15 ||    21
    Use: Scroll            |       |     3 ||     3
   Stab: Distracted        |     1 |     1 ||     2
         Sleeping          |       |     5 ||     5
 Armour: Skin              |    26 |    25 ||    51
  Dodge: Dodged            |    67 |    47 ||   114
